 Dungeon Crawl Stone Soup version 0.30-a0-39-g42789b21ef (webtiles) character file.

Game seed: 3890796183509300800

450 ytrimaz the Changer (level 7, 0/43 HPs)
             Began as an Octopode Transmuter on Aug 29, 2022.
             Killed by divine providence
             ... invoked by an orc priest
              (11 damage)
             ... on level 4 of the Dungeon.
             The game lasted 00:07:43 (4847 turns).

ytrimaz the Changer (Octopode Transmuter)           Turns: 4847, Time: 00:07:45

Health: 0/43       AC:  1    Str: 10    XL:     7   Next: 4%
Magic:  20/21      EV: 13    Int: 17    God:
Gold:   157        SH:  0    Dex: 18    Spells: 3/13 levels left

rFire   . . .      SeeInvis .      - Unarmed
rCold   . . .      Faith    .    (no shield)
rNeg    . . .      Spirit   .    (helmet currently unavailable)
rPois   .          Reflect  .    (no amulet)
rElec   .          Harm     .    l - +6 ring of dexterity
rCorr   .          Rampage  .    q - ring of magical power
Will    .....                    (no ring)
Stlth   +++.......               (no ring)
HPRegen 0.14/turn                (no ring)
MPRegen 0.17/turn                (no ring)
                                 (no ring)
                                 (no ring)

@: appendages
A: tentacle spike 3, almost no armour, amphibious, 8 rings, camouflage 1,
gelatinous body 1, (nimble swimmer 1), tentacles
a: End Transformation


You were on level 4 of the Dungeon.
One of your tentacles had grown a beastly spike.
You visited 1 branch of the dungeon, and saw 4 of its levels.

You collected 157 gold pieces.

Inventory:

Jewellery
 l - a +6 ring of dexterity (left tentacle)
 q - a ring of magical power (right tentacle)
Scrolls
 c - 4 scrolls of fear
 i - a scroll of brand weapon
 m - a scroll of enchant weapon {unknown}
 n - a scroll of amnesia {unknown}
 o - a scroll of vulnerability {unknown}
Potions
 a - a potion of lignification
 b - a potion of heal wounds {unknown}
 d - a potion of ambrosia {unknown}
 e - a potion of degeneration {unknown}
 f - 2 potions of haste
 g - 3 potions of brilliance
 h - a potion of mutation {unknown}
 j - 3 potions of curing {unknown}
 k - a potion of might {unknown}
 p - a potion of attraction {unknown}


   Skills:
 - Level 1.0 Fighting
 - Level 2.0 Dodging
 - Level 4.0 Unarmed Combat
 + Level 3.7 Spellcasting
 + Level 4.1 Transmutations
 * Level 1.4 Ice Magic
 - Level 4.0 Poison Magic


You had 3 spell levels left.
You knew the following spells:

 Your Spells              Type           Power      Damage    Failure   Level
a - Beastly Appendage     Tmut           34%        N/A       3%          1
b - Wereblood             Tmut           17%        N/A       4%          2
c - Spider Form           Tmut/Pois      17%        N/A       9%          3
d - Ice Form              Ice/Tmut       12%        N/A       45%         4

Your spell library contained the following spells:

 Spells                   Type           Power      Damage    Failure   Level


Dungeon Overview and Level Annotations

Branches:
Dungeon (4/15)
 Temple: D:4-7

Altars:
Wu Jian


Innate Abilities, Weirdness & Mutations

One of your tentacles has grown a beastly spike.
You cannot wear most types of armour.
You are amphibious.
You can wear up to eight rings at the same time.
Your skin changes colour to match your surroundings (Stealth+).
Your rubbery body absorbs attacks. (AC +1, EV +1)
((You are camouflaged when in or above water. (Stealth+)))
You have tentacles for arms and can constrict up to eight enemies at once.


Message History

You have reached level 7!
You start resting.
Your transformation has ended.
You start resting.
HP restored.
Items here: ( )) †.
Found a glowing blue potion.
Found an ivory ring.
Things that are here:
a +0 dagger; a +2 robe of fire resistance; an orc corpse
p - a glowing blue potion
q - a ring of magical power You feel your magic capacity increase.
q - a ring of magical power (right tentacle) Magic restored.
An orc comes into view. It is wielding a +0 hand axe.
An orc is nearby!
An orc is nearby!
An orc is nearby!
An orc comes into view. It is wielding a +0 flail.
An orc wizard comes into view. It is wielding a +0 dagger of draining.
The orc shouts!
You hear a shout!
An orc priest and an orc come into view.
The orc priest shouts!
The orc shouts!
One of your tentacles grows a vicious spike.
The orc closely misses you. The orc wizard casts a spell at you.
The magic dart hits you!
The orc priest calls down the wrath of Beogh upon you.
Beogh smites you!
You tentacle-slap the orc. You grab the orc.
You pierce the orc.
You kill the orc!
Found a scroll labelled ZURUL WIRIUK.
An orc priest comes into view. It is wielding a +0 short sword.
The orc wizard points at you and mumbles some strange words.
The magic dart hits you!
* * * LOW HITPOINT WARNING * * *
The orc priest invokes the aid of Beogh against you.
Beogh smites you!
You die... ..#######.###### o. #.## .# #.# #..# ...# ..o ##.# ...# #oo

#.# #.## #o# #.# ..
#..### #)# ...
#####...#### #.## ...
......!@...### #))# #.
######.).....######.###
#####........#...#
###.#####.....#
#.............#
#.........#..<#
...........#...#
##..........#...#
...........#...#


You could see 2 orc priests, an orc wizard and 2 orcs.

Vanquished Creatures
  A kobold brigand (D:4)
  2 orc priests (D:4)
  A jelly (D:4)
  An orc wizard (D:4)
  Natasha (twice) (D:2)
  Robin (D:2)
  6 gnolls
  7 adders
  2 worms
  3 dart slugs
  6 orcs
  5 ball pythons
  3 endoplasms
  2 giant cockroaches
  10 goblins
  9 hobgoblins
  2 jackals (D:1)
  A kobold (D:4)
  2 quokkas (D:2)
  8 bats
  4 frilled lizards
  7 rats
85 creatures vanquished.

Notes
Turn   | Place    | Note
-------+----------+-------------------------------------------
     0 | D:1      | ytrimaz the Octopode Transmuter began the quest for the
                  | Orb.
     0 | D:1      | Reached XP level 1. HP: 13/13 MP: 3/3
   413 | D:1      | Reached XP level 2. HP: 18/18 MP: 3/5
   709 | D:1      | Reached XP level 3. HP: 15/23 MP: 4/6
   712 | D:1      | Learned a level 2 spell: Wereblood
   716 | D:1      | Learned a level 3 spell: Spider Form
  1124 | D:2      | Reached skill level 1 in Poison Magic
  1214 | D:2      | Noticed a scorpion
  1234 | D:2      | Noticed Robin
  1268 | D:2      | Reached XP level 4. HP: 15/28 MP: 1/7
  1277 | D:2      | Killed Robin
  2298 | D:2      | Noticed Natasha
  2303 | D:2      | Killed Natasha
  2304 | D:2      | Reached XP level 5. HP: 24/33 MP: 6/9
  2679 | D:2      | Noticed Natasha
  2686 | D:2      | Killed Natasha
  3013 | D:3      | Found a faded altar of an unknown god.
  3343 | D:3      | Reached XP level 6. HP: 15/38 MP: 4/10
  4101 | D:3      | Found a faded altar of an unknown god.
  4105 | D:3      | Found an ornate altar of the Wu Jian Council.
  4563 | D:4      | Learned a level 4 spell: Ice Form
  4646 | D:4      | Reached skill level 1 in Ice Magic
  4649 | D:4      | Reached XP level 7. HP: 27/43 MP: 12/12
  4847 | D:4      | Killed from afar by an orc priest

Illustrated notes

Levels and vault maps discovered:
D:1:      heliophobic_arrival_battle_scene, layout_loops_ring
D:2:      minmay_wonky_spiral, layout_loops_cross, lightli_corner_chamber,
          uniq_robin, uniq_natasha
D:3:      layout_basic, nicolae_overflow_ecumenical_swirl,
          shapermc_ecumenical_altar_pompeii, minmay_misc_feat_five,
          corexii_shack
D:4:      layout_rooms, minmay_temple_entry_proselytizer,
          minmay_hollow_rounded_squares

Skill      XL: |  1  2  3  4  5  6 |
---------------+-------------------+-----
Unarmed Combat | 4 |  4.0
Poison Magic   | 1 2 3 4 |  4.0
Transmutations | 3 4 |  4.1
Spellcasting   | 3 |  3.7
Ice Magic      | 1 |  1.4
Fighting       | |  1.0
Dodging        | |  2.0

Action                   |  1- 3 |  4- 6 |  7- 9 || total
-------------------------+-------+-------+-------++-------
Melee: Unarmed           |    50 |   128 |     1 ||   179
       Constrict         |    12 |    14 |     1 ||    27
       Kick              |     8 |     9 |     1 ||    18
       Tentacles         |    11 |     8 |       ||    19
       Punch             |     1 |     2 |       ||     3
 Cast: Beastly Appendage |    16 |    17 |     1 ||    34
       Wereblood         |     2 |     2 |       ||     4
       Spider Form       |     1 |    15 |       ||    16
  Use: Scroll            |     3 |     5 |       ||     8
 Stab: Sleeping          |     4 |     2 |       ||     6
Armor: Skin              |     6 |     8 |       ||    14
Dodge: Dodged            |    44 |    97 |     1 ||   142

Table legend: (Time is in decaauts)
 A = Elapsed time spent in this place.
 B = Non-inter-level travel time spent in this place.
 C = Inter-level travel time spent in this place.
 D = Time resting spent in this place.
 E = Time spent auto-exploring this place.
 F = Levels seen in this place.
 G = Mean time per level.
                   A        B        C        D        E       F      G
               +--------+--------+--------+--------+--------+-----+--------+
         Total |   4831 |   4699 |    132 |    182 |   3827 |   4 | 1207.8 |
       Dungeon |   4831 |   4699 |    132 |    182 |   3827 |   4 | 1207.8 |
               +--------+--------+--------+--------+--------+-----+--------+

Top non-repeatable levels by time:
     D:2: 1773 daAuts
     D:3: 1507 daAuts
     D:1: 1086 daAuts
     D:4: 464 daAuts
